 Dungeon Crawl Stone Soup version 0.31-a0-844-gdc52ec4e09 (webtiles) character file.

Game seed: 3736176728973933301

11014 croobank the Summoner (level 11, -17/83 HPs)
             Began as a Gnoll Summoner on Sept 28, 2023.
             Was an Initiate of Gozag.
             Shot with an arrow by a minotaur (33 damage)
             ... in a Gauntlet.
             The game lasted 00:50:16 (12253 turns).

croobank the Summoner (Gnoll Summoner)             Turns: 12253, Time: 00:50:16

Health: -17/83     AC: 15    Str: 10      XL:     11   Next: 71%
Magic:  10/23      EV: 10    Int: 22 (23) God:    Gozag
Gold:   2050       SH:  0    Dex: 14      Spells: 3/26 levels left

rFire   . . .        f - +0 falchion (holy)
rCold   x . .        (no shield)
rNeg    . . .        I - +0 fire dragon scales
rPois   .            Q - +2 hat
rElec   .            n - +2 cloak
rCorr   .            (no gloves)
SInv    .            (no boots)
Will    .....        (no amulet)
Stlth   ++           q - +6 ring of intelligence
HPRegen 0.33/turn    G - +6 ring of dexterity
MPRegen 0.18/turn

%: no teleportation
@: very slightly contaminated
A: fangs 1, strong nose, distributed training, [clumsy 2], [deterioration 2],
[heat vulnerability 2], [inability to drink after injury 2]
a: Renounce Religion, Potion Petition, Call Merchant, Bribe Branch


You were in a Gauntlet.
You worshipped Gozag.
Gozag was most pleased with you.
You visited 2 branches of the dungeon, and saw 12 of its levels.
You also visited: Ossuary and Gauntlet.

You collected 2122 gold pieces.
You paid 72 gold pieces to Gozag.

Inventory:

Hand Weapons
 a - a +1 dagger of venom
 b - the +10 sling "Gebaoqolac" {flame, Fly rPois}
   (You found it in an ossuary)

   rPois:     It protects you from poison Fly: It grants you flight.
 f - a +0 falchion of holy wrath (weapon)
 L - a +0 scimitar
 M - a +2 hand axe of flaming
 O - a +3 falchion of freezing
Missiles
 l - 32 poisoned darts
 x - 3 silver javelins
 D - 2 atropa-tipped darts
Armour
 n - a +2 cloak (worn)
 o - the orb "Kiphufuo" {*channel, Harm Rampage Dex-3 SInv}
   (You found it on level 2 of the Dungeon)

   Dex-3:     It affects your dexterity (-3).
   SInv:      It lets you see invisible.
   Harm:      It increases damage dealt and taken.
   Rampage:   It bestows one free step when moving towards enemies.
 A - a +3 leather armour
 H - a +0 helmet
 I - +0 fire dragon scales (worn)
 Q - a +2 hat (worn)
Jewellery
 q - a +6 ring of intelligence (left hand)
 r - a ring of positive energy
 v - a ring of protection from fire
 G - a +6 ring of dexterity (right hand)
Talismans
 d - a maw talisman
Wands
 B - a wand of paralysis (26)
 F - a wand of iceblast (16)
 J - a wand of polymorph (16)
Scrolls
 h - 6 scrolls of enchant weapon
 i - 3 scrolls of teleportation
 p - a scroll of fog
 t - 4 scrolls of fear
 u - 2 scrolls of enchant armour
 w - 2 scrolls of poison
 K - a scroll of immolation
Potions
 c - a potion of resistance
 e - 2 potions of berserk rage
 g - 2 potions of mutation
 j - 4 potions of curing
 k - 6 potions of might
 m - a potion of heal wounds
 z - a potion of magic
 C - a potion of attraction
 E - a potion of ambrosia {unknown}
 N - 2 potions of lignification
 P - a potion of cancellation {unknown}


   Skills:
 + Level 6.6 Fighting
 + Level 6.6 Short Blades
 + Level 6.6 Long Blades
 + Level 6.6 Axes
 + Level 6.6 Maces & Flails
 + Level 6.6 Polearms
 + Level 6.6 Staves
 + Level 6.6 Ranged Weapons
 + Level 6.6 Throwing
 + Level 6.6 Armour
 + Level 8.2 Dodging
 + Level 8.0 Stealth
 + Level 6.6 Shields
 + Level 6.6 Unarmed Combat
 + Level 8.4 Spellcasting
 + Level 5.5 Conjurations
 + Level 5.5 Hexes
 + Level 9.1 Summonings
 + Level 5.5 Necromancy
 + Level 5.5 Translocations
 + Level 5.5 Transmutations
 + Level 5.5 Fire Magic
 + Level 5.5 Ice Magic
 + Level 5.5 Air Magic
 + Level 5.5 Earth Magic
 + Level 5.5 Poison Magic
 + Level 7.3 Invocations
 + Level 6.6 Evocations
 + Level 6.1 Shapeshifting


You had 3 spell levels left.
You knew the following spells:

 Your Spells              Type           Power      Damage    Failure   Level
a - Summon Small Mammal   Summ           100%       N/A       1%          1
b - Call Imp              Summ           98%        N/A       1%          2
c - Call Canine Familiar  Summ           49%        N/A       3%          3
d - Summon Guardian Gole  Hex/Summ       41%        N/A       9%          3
e - Summon Lightning Spi  Summ/Air       41%        N/A       26%         4
f - Freezing Cloud        Conj/Ice/Air   16%        6-21      85%         5
g - Dazzling Flash        Conj/Hex       66%        N/A       17%         3
h - Ensorcelled Hibernat  Hex/Ice        66%        N/A       9%          2

Your spell library contained the following spells:

 Spells                   Type           Power      Damage    Failure   Level
 Cigotuvi's Dreadful Rot  Necr/Pois/Air  66%        N/A       9%          2
 Jinxbite                 Hex            66%        N/A       9%          2
 Ignite Poison            Fire/Tmut/Pois 33%        N/A       17%         3
 Volatile Blastmotes      Fire/Tloc      66%        2d15      17%         3
 Anguish                  Hex/Necr       16%        N/A       50%         4
 Sticky Flame             Conj/Fire      33%        2d5       50%         4
 Starburst                Conj/Fire      16%        6d6       100%        6
 Haunt                    Necr/Summ      20%        N/A       100%        7
 Ignition                 Fire           16%        3d7       100%        8
 Infestation              Necr           16%        N/A       100%        8
 Maxwell's Capacitive Co  Air            16%        ∞         100%        8
 Animate Dead             Necr           Unusable   N/A       N/A         4

Dungeon Overview and Level Annotations

Branches:
Dungeon (11/15)            Temple (1/1) D:5            Lair (0/5) D:11
    Orc (0/2) D:10        Ossuary (visited)         Gauntlet (1/1)

Altars:
Ashenzari
Cheibriados
Dithmenos
Elyvilon
Fedhas
Gozag
Hepliaklqana
Kikubaaqudgha
Makhleb
Nemelex Xobeh
Okawaru
Qazlal
Ru
Sif Muna
Trog
Uskayaw
Vehumet
Wu Jian
Xom
Yredelemnul
Zin
The Shining One

Annotations:
D:10 3 runed translucent doors, TheStruggler's ghost, novice OgMo
Temple 2 transporters Gauntlet 4 transporters, 1 runed translucent door


Innate Abilities, Weirdness & Mutations

You have very sharp teeth.
Your uncanny sense of smell can sniff out nearby items.
Your experience applies equally to all skills.
[You are very clumsy. (Dex -4)]
[Your body often deteriorates upon taking damage.]
[You are very vulnerable to heat. (rF--)]
[You sometimes lose the ability to drink potions when taking damage.]


Message History

t - Bark!
Orders for allies: a - Attack new target. p - Attack previous target. r - Retreat! s - Stop attacking. g - Guard the area. f - Follow me.
Anything else - Cancel.
Gang up on whom?
Press: ? - help, Dir - move target, f/p - minotaur
Aim: a minotaur, wielding the +8 orcbow "Xoklaihe" {heavy, rPois rF- rC+}, wearing the +2 ring mail "Paoghuv" {-Cast rPois Str+4} and quivering javelins (moderately wounded, unable to see you, ally target) Attack!
You flicker back into view.
Your golden eye is engulfed in blazing flames.
Your golden eye is engulfed in blazing flames.
Your golden eye dies!
Your golden eye dissolves into shadows!
You swap places.
You swap places.
Your golden eye blinks!
The minotaur throws a javelin.
The javelin pierces through your shadow!!
Your shadow is destroyed!
Your shadow dissolves into shadows!
The javelin pierces through you!!
* * * LOW HITPOINT WARNING * * *
What are your orders? t - Bark!
Orders for allies: a - Attack new target. p - Attack previous target. r - Retreat! s - Stop attacking. g - Guard the area. f - Follow me.
Anything else - Cancel.
Gang up on whom?
Press: ? - help, Dir - move target, f/p - minotaur
Aim: a minotaur, wielding the +8 orcbow "Xoklaihe" {heavy, rPois rF- rC+}, wearing the +2 ring mail "Paoghuv" {-Cast rPois Str+4} and quivering javelins (moderately wounded, ally target) Attack!
Your golden eye blinks at the minotaur.
The minotaur resists with almost no effort.
Your golden eye blinks at the minotaur.
The minotaur easily resists.
The minotaur shoots an arrow.
The arrow misses your golden eye. The arrow hits you!!
You die...
Your body crumbles into a pile of gold.

###.##.##.##.##.###
##.##.##.##.##.##
#...............#
#.##.##.##.##.###
#.##.##.##☼##.###
#........○....HG#
###.##.#'###§##G#
###.##.#.###.##.#
#......#.#....G@#
##.##.##.##.##.##
#.##.##H##.##.#
#.....###.....#
###.##.##.##.##
############


You could see a minotaur (ally target) and 3 friendly golden eyes.

Vanquished Creatures
  A tengu conjurer (Gauntlet)
  3 hornets (Gauntlet)
  3 yaks
  A wyvern (D:10)
  Eustachio (D:6)
  An acid dragon (D:10)
  A two-headed ogre zombie (D:10)
  A water moccasin (D:6)
  An ice beast (D:5)
  2 black bears (D:5)
  2 centaurs
  3 phantoms
  An elf zombie (Ossuary)
  A bullfrog (D:6)
  A troll zombie (D:10)
  A killer bee (D:9)
  2 howler monkeys (D:9)
  3 crimson imps (Gauntlet)
  A hound (D:7)
  4 orc priests
  3 jellies
  4 iguanas (D:5)
  5 orc wizards
  5 ogre zombies (D:10)
  2 adders
  A white imp (D:8)
  2 ufetubi
  21 orcs
  6 endoplasms
  A giant cockroach (D:1)
  7 goblins
  A hobgoblin (D:2)
  7 kobolds
  4 quokkas
  5 ball pythons
  8 bats
  2 frilled lizards
  2 goblin skeletons (D:10)
  3 goblin zombies (D:10)
  5 hobgoblin zombies (D:10)
  An orc skeleton (D:10)
  9 orc zombies (D:10)
  4 rats
142 creatures vanquished.

Vanquished Creatures (collateral kills)
  An elephant (Gauntlet)
  A smoke demon (Gauntlet)
  A komodo dragon (D:11)
  A troll (D:9)
  2 yaks (D:8)
  2 steam dragons
  3 water moccasins
  5 ice beasts
  2 orc warriors
  3 wolves (D:11)
  An ogre (D:7)
  2 elf zombies (Ossuary)
  A phantom (D:5)
  2 kobold brigands
  2 scorpions (D:6)
  A bullfrog (D:6)
  3 killer bees (D:9)
  A howler monkey (D:6)
  A crimson imp (Gauntlet)
  A centaur zombie (Ossuary)
  A jelly (D:7)
  A human zombie (Ossuary)
  3 orc wizards
  An ogre zombie (D:10)
  The ghost of Bravepunisher the Ducker, a weakling SpMo (D:5)
  A mummy (D:5)
  2 adders
  2 ufetubi
  3 worms
  A dart slug (D:2)
  12 orcs
  2 endoplasms
  A giant cockroach (D:1)
  6 hobgoblins
  3 jackals (D:3)
  2 ball pythons
  3 bats
  3 frilled lizards (D:1)
  3 goblins
  9 hobgoblin zombies (Ossuary)
  A jackal zombie (Ossuary)
  9 kobolds
  6 kobold zombies (Ossuary)
  2 orc skeletons (D:10)
  12 orc zombies
  2 rats
128 creatures vanquished.

Vanquished Creatures (others)
  Harold (D:9)
  A cyclops (D:11)
  A rime drake (D:11)
  A troll (D:9)
  A wraith (D:9)
  7 yaks
  2 acid dragons
  A water moccasin (D:8)
  An ice beast (D:11)
  A wolf (D:11)
  An elf zombie (Ossuary)
  5 wights (D:10)
  2 nameless horrors
  2 mummies (Ossuary)
  A hobgoblin zombie (Ossuary)
  A kobold zombie (Ossuary)
  2 orc zombies (Ossuary)
  2 rat zombies (Ossuary)
33 creatures vanquished.

Grand Total: 303 creatures vanquished

Notes
Turn   | Place    | Note
-------+----------+-------------------------------------------
     0 | D:1      | croobank the Gnoll Summoner began the quest for the Orb.
     0 | D:1      | Reached XP level 1. HP: 13/13 MP: 6/6
   162 | D:1      | Reached XP level 2. HP: 19/19 MP: 4/7
   174 | D:1      | Learned a level 2 spell: Call Imp
   296 | D:1      | You fall into a shaft and drop 1 floor!
   299 | D:2      | Found a glowing silver altar of Zin.
   493 | D:1      | Reached XP level 3. HP: 22/25 MP: 3/9
   556 | D:1      | Reached skill level 5 in Spellcasting
   588 | D:1      | Learned a level 3 spell: Call Canine Familiar
  1136 | D:2      | Reached skill level 1 in Invocations
  1331 | D:2      | Reached skill level 1 in Fighting
  1331 | D:2      | Reached skill level 1 in Short Blades
  1331 | D:2      | Reached skill level 1 in Long Blades
  1331 | D:2      | Reached skill level 1 in Axes
  1331 | D:2      | Reached skill level 1 in Maces & Flails
  1331 | D:2      | Reached skill level 1 in Polearms
  1331 | D:2      | Reached skill level 1 in Staves
  1331 | D:2      | Reached skill level 1 in Ranged Weapons
  1331 | D:2      | Reached skill level 1 in Throwing
  1331 | D:2      | Reached skill level 1 in Armour
  1331 | D:2      | Reached skill level 1 in Shields
  1331 | D:2      | Reached skill level 1 in Unarmed Combat
  1331 | D:2      | Reached skill level 1 in Evocations
  1512 | D:2      | Reached skill level 1 in Shapeshifting
  1512 | D:2      | Reached XP level 4. HP: 17/32 MP: 4/11
  1592 | D:2      | Learned a level 3 spell: Summon Guardian Golem
  1761 | D:2      | Identified the orb "Kiphufuo" {*channel, Harm Rampage Dex-3
                  | SInv}
  2311 | D:3      | Reached skill level 1 in Conjurations
  2311 | D:3      | Reached skill level 1 in Hexes
  2311 | D:3      | Reached skill level 1 in Necromancy
  2311 | D:3      | Reached skill level 1 in Translocations
  2311 | D:3      | Reached skill level 1 in Transmutations
  2311 | D:3      | Reached skill level 1 in Fire Magic
  2311 | D:3      | Reached skill level 1 in Ice Magic
  2311 | D:3      | Reached skill level 1 in Air Magic
  2311 | D:3      | Reached skill level 1 in Earth Magic
  2311 | D:3      | Reached skill level 1 in Poison Magic
  2379 | D:3      | Found a glowing silver altar of Zin.
  2568 | D:3      | Found a white marble altar of Elyvilon.
  2568 | D:3      | Found a hazy altar of Hepliaklqana.
  2784 | D:3      | Found a faded altar of an unknown god.
  3316 | D:4      | Reached XP level 5. HP: 19/37 MP: 6/12
  3784 | D:5      | Entered Level 5 of the Dungeon
  3787 | D:5      | Found a transporter.
  3811 | D:5      | Found a sand-covered staircase.
  3867 | Ossuary  | Entered an ossuary
  4122 | Ossuary  | Reached skill level 5 in Dodging
  4122 | Ossuary  | Reached XP level 6. HP: 16/44 MP: 5/14
  4311 | Ossuary  | Reached XP level 7. HP: 50/50 MP: 2/15
  4351 | Ossuary  | Identified the +10 sling "Gebaoqolac" {flame, Fly rPois}
  4491 | D:5      | Found a transporter.
  4491 | D:5      | Noticed Bravepunisher's ghost (weakling SpMo)
  4692 | D:5      | Found a staircase to the Ecumenical Temple.
  4712 | Temple   | Found a transporter.
  4712 | Temple   | Found a transporter.
  4712 | Temple   | Found a transporter.
  4712 | Temple   | Found a transporter.
  4712 | Temple   | Entered the Ecumenical Temple
  4724 | Temple   | Became a worshipper of Gozag Ym Sagoz the Greedy
  4854 | D:5      | Reached skill level 5 in Stealth
  5169 | D:5      | Reached XP level 8. HP: 39/58 MP: 12/16
  5539 | D:5      | Learned a level 4 spell: Summon Lightning Spire
  5545 | D:5      | Learned a level 5 spell: Freezing Cloud
  5788 | D:6      | Reached XP level 9. HP: 46/65 MP: 8/18
  6139 | D:6      | Noticed Eustachio
  6147 | D:6      | Killed Eustachio
  6148 | D:6      | Reached skill level 8 in Summonings
  7083 | D:8      | Reached skill level 5 in Invocations
  7160 | D:8      | Reached skill level 5 in Fighting
  7160 | D:8      | Reached skill level 5 in Short Blades
  7160 | D:8      | Reached skill level 5 in Long Blades
  7160 | D:8      | Reached skill level 5 in Axes
  7160 | D:8      | Reached skill level 5 in Maces & Flails
  7160 | D:8      | Reached skill level 5 in Polearms
  7160 | D:8      | Reached skill level 5 in Staves
  7160 | D:8      | Reached skill level 5 in Ranged Weapons
  7160 | D:8      | Reached skill level 5 in Throwing
  7160 | D:8      | Reached skill level 5 in Armour
  7160 | D:8      | Reached skill level 5 in Shields
  7160 | D:8      | Reached skill level 5 in Unarmed Combat
  7160 | D:8      | Reached skill level 5 in Evocations
  7160 | D:8      | Reached XP level 10. HP: 48/74 MP: 10/20
  8767 | D:9      | Noticed Harold
  8800 | D:9      | Killed Harold
  8801 | D:9      | Reached skill level 5 in Shapeshifting
  9150 | D:9      | Found a blossoming altar of Fedhas.
  9451 | D:9      | Found a snail-covered altar of Cheibriados.
  9749 | D:5      | Killed Bravepunisher's ghost
  9916 | D:10     | Entered Level 10 of the Dungeon
  9981 | D:10     | Reached XP level 11. HP: 69/81 MP: 2/22
 10078 | D:10     | Found a staircase to the Orcish Mines.
 10093 | D:10     | Reached skill level 5 in Conjurations
 10093 | D:10     | Reached skill level 5 in Hexes
 10093 | D:10     | Reached skill level 5 in Necromancy
 10093 | D:10     | Reached skill level 5 in Translocations
 10093 | D:10     | Reached skill level 5 in Transmutations
 10093 | D:10     | Reached skill level 5 in Fire Magic
 10093 | D:10     | Reached skill level 5 in Ice Magic
 10093 | D:10     | Reached skill level 5 in Air Magic
 10093 | D:10     | Reached skill level 5 in Earth Magic
 10093 | D:10     | Reached skill level 5 in Poison Magic
 10807 | D:10     | Found a runed translucent gate.
 10809 | D:10     | Found a runed translucent gate.
 10809 | D:10     | Noticed TheStruggler's ghost (novice OgMo)
 10810 | D:10     | Found a runed translucent gate.
 10812 | D:10     | Noticed a purple very ugly thing
 11445 | D:11     | Noticed a cyclops
 11454 | D:11     | Killed a cyclops
 11501 | D:11     | Reached skill level 9 in Summonings
 11644 | D:11     | Found a staircase to the Lair.
 11713 | D:11     | Found a gate leading to a gauntlet.
 11734 | Gauntlet | Entered a Gauntlet
 11734 | Gauntlet | Found a transporter.
 11744 | Gauntlet | Found a transporter.
 11747 | Gauntlet | Found a transporter.
 11748 | Gauntlet | Found a transporter.
 11756 | Gauntlet | Found a transporter.
 11759 | Gauntlet | Found a transporter.
 11759 | Gauntlet | Noticed a tengu warrior
 11760 | Gauntlet | Found a transporter.
 11768 | Gauntlet | Found a transporter.
 11771 | Gauntlet | Found a transporter.
 11772 | Gauntlet | Found a transporter.
 11776 | Gauntlet | Found a runed translucent door.
 11776 | Gauntlet | Noticed a dire elephant
 11778 | Gauntlet | Found a runed translucent door.
 11780 | Gauntlet | Found a transporter.
 11783 | Gauntlet | Found a transporter.
 11784 | Gauntlet | Found a transporter.
 11792 | Gauntlet | Found a transporter.
 11794 | Gauntlet | Noticed a wretched star
 11878 | Gauntlet | Learned a level 3 spell: Dazzling Flash
 11881 | Gauntlet | Learned a level 2 spell: Ensorcelled Hibernation
 12228 | Gauntlet | Identified the +8 orcbow "Xoklaihe" {heavy, rPois rF- rC+}
 12228 | Gauntlet | Identified the +2 ring mail "Paoghuv" {-Cast rPois Str+4}
 12228 | Gauntlet | Noticed a minotaur
 12253 | Gauntlet | Shot with an arrow by a minotaur

Illustrated notes

Levels and vault maps discovered:
D:1:      dpeg_arrival_windows_large_door, layout_loops_ring,
          amcnicky_mini_corridor_feature, hangedman_decor_lopped
D:2:      minmay_evil_eye, layout_basic, basic_altar
D:3:      layout_rooms, zin_statuary, jmf_multi_god_temple,
          shapermc_ecumenical_altar_totnotflames
D:4:      layout_loops_ring
D:5:      layout_gridville, minmay_temple_entry_antechambers,
          gammafunk_ghost_arena, gup_ossuary_entry_pyramid
D:6:      layout_cave_pools, uniq_eustachio
D:7:      layout_basic
D:8:      layout_basic, minmay_misc_feat_five
D:9:      layout_loops_ring, mainiacjoe_overflow_catch_the_wave, uniq_harold
D:10:     layout_basic, zombieorc2_lemuel, gammafunk_ghost_split
D:11:     layout_roguey, hellmonk_lair_entry_icy, gauntlet_entry_generic,
          nicolae_where_there's_smoke, uniq_nergalle, uniq_psyche,
          uniq_gastronok
Temple:   hellmonk_temple_divided_pantheon
Gauntlet: gammafunk_gauntlet_77_escape_option [minmay_gauntlet_arena_77_mirror,
          minmay_gauntlet_arena_77_braids,
          minmay_gauntlet_arena_77_broken_ladder,
          minmay_gauntlet_arena_77_cramped,
          minmay_gauntlet_arena_77_block_sizes, gauntlet_exit_green]

Skill      XL: |  1  2  3  4  5  6  7  8  9 10 11 |
---------------+----------------------------------+-----
Spellcasting   | 5 6 7 8 |  8.4
Invocations    | 1 2 3 4 5 6 7 |  7.3
Fighting       | 1 2 3 5 6 |  6.6
Short Blades   | 1 2 3 5 6 |  6.6
Long Blades    | 1 2 3 5 6 |  6.6
Axes           | 1 2 3 5 6 |  6.6
Maces & Flails | 1 2 3 5 6 |  6.6
Polearms       | 1 2 3 5 6 |  6.6
Staves         | 1 2 3 5 6 |  6.6
Ranged Weapons | 1 2 3 5 6 |  6.6
Throwing       | 1 2 3 5 6 |  6.6
Armour         | 1 2 3 5 6 |  6.6
Shields        | 1 2 3 5 6 |  6.6
Unarmed Combat | 1 2 3 5 6 |  6.6
Evocations     | 1 2 3 5 6 |  6.6
Shapeshifting  | 1 2 3 4 5 6 |  6.1
Conjurations   | 1 2 3 4 5 |  5.5
Hexes          | 1 2 3 4 5 |  5.5
Necromancy     | 1 2 3 4 5 |  5.5
Translocations | 1 2 3 4 5 |  5.5
Transmutations | 1 2 3 4 5 |  5.5
Fire Magic     | 1 2 3 4 5 |  5.5
Ice Magic      | 1 2 3 4 5 |  5.5
Air Magic      | 1 2 3 4 5 |  5.5
Earth Magic    | 1 2 3 4 5 |  5.5
Poison Magic   | 1 2 3 4 5 |  5.5
Dodging        | 5 6 7 8 |  8.2
Stealth        | 5 6 7 8 |  8.0
Summonings     | 8 9 |  9.1

Action                     |  1- 3 |  4- 6 |  7- 9 | 10-12 || total
---------------------------+-------+-------+-------+-------++-------
  Melee: Unarmed           |     6 |       |       |       ||     6
         Dagger            |    56 |    54 |     2 |    32 ||   144
         Bite              |     6 |     4 |     1 |    11 ||    22
         Punch             |       |       |       |     3 ||     3
         Falchion          |       |       |       |    34 ||    34
   Fire: Sling             |    13 |       |   160 |    49 ||   222
   Cast: Summon Small Mamm |    24 |    25 |     4 |    20 ||    73
         Call Imp          |    10 |    17 |     3 |    14 ||    44
         Call Canine Famil |     5 |    20 |    16 |    24 ||    65
         Summon Guardian G |       |     4 |     3 |    29 ||    36
         Summon Lightning  |       |       |     3 |     9 ||    12
         Ensorcelled Hiber |       |       |       |     5 ||     5
         Freezing Cloud    |       |       |       |     1 ||     1
  Evoke: Wand              |       |       |     1 |       ||     1
    Use: Scroll            |       |    14 |       |    11 ||    25
         Potion            |       |       |       |     3 ||     3
   Stab: Sleeping          |     9 |    12 |       |     4 ||    25
 Armour: Robe              |    37 |    42 |     4 |       ||    83
         Leather armour    |       |       |    66 |    71 ||   137
         Fire dragon scale |       |       |       |    55 ||    55
  Dodge: Dodged            |    58 |    45 |    54 |   101 ||   258

Table legend: (Time is in decaauts)
 A = Elapsed time spent in this place.
 B = Non-inter-level travel time spent in this place.
 C = Inter-level travel time spent in this place.
 D = Time resting spent in this place.
 E = Time spent auto-exploring this place.
 F = Levels seen in this place.
 G = Mean time per level.
                   A        B        C        D        E       F      G
               +--------+--------+--------+--------+--------+-----+--------+
         Total |  12287 |  11656 |    631 |   1238 |   7477 |  14 |  877.6 |
       Dungeon |  11138 |  10517 |    621 |    955 |   7305 |  11 | 1012.5 |
        Temple |     28 |     18 |     10 |      0 |      0 |   1 |   28.0 |
       Ossuary |    605 |    605 |      0 |    172 |    172 |   1 |  605.0 |
      Gauntlet |    514 |    514 |      0 |    111 |      0 |   1 |  514.0 |
               +--------+--------+--------+--------+--------+-----+--------+

Top non-repeatable levels by time:
     D:8: 1662 daAuts
    D:10: 1516 daAuts
     D:2: 1295 daAuts
     D:5: 1282 daAuts
     D:9: 1021 daAuts
     D:1: 996 daAuts
     D:6: 816 daAuts
     D:4: 770 daAuts
     D:7: 765 daAuts
     D:3: 719 daAuts
 Ossuary: 605 daAuts
Gauntlet: 514 daAuts
    D:11: 291 daAuts
  Temple: 28 daAuts
